 Dungeon Crawl Stone Soup version 0.24.0-125-gc4c63601f3 (webtiles) character file.

Game seed: 7895920426978835707, levelgen mode: deterministic

9070 mythago the Grappler (level 11, -2/94 HPs)
             Began as a Troll Berserker on Mar 18, 2020.
             Was a High Priest of Trog.
             Shot with an arrow by a centaur (9 damage)
             ... on level 11 of the Dungeon.
             The game lasted 00:18:52 (9229 turns).

mythago the Grappler (Troll Berserker)              Turns: 9229, Time: 00:18:53

Health: -2/94      AC:  6    Str: 34    XL:     11   Next: 18%
Magic:  10/10      EV: 10    Int:  4    God:    Trog [*****.]
Gold:   560        SH:  0    Dex:  9    Spells: 10/10 levels left

rFire    . . .     SeeInvis .     - Unarmed
rCold    + . .     Gourm    +   (no shield)
rNeg     . . .     Faith    .   n - +0 robe
rPois    .         Spirit   .   (helmet restricted)
rElec    .         Reflect  .   (no cloak)
rCorr    .         Harm     .   (gloves unavailable)
MR       .....                  (boots unavailable)
Stlth    +.........             s - amulet of regeneration
HPRegen  1.05/turn              I - ring of protection from cold
MPRegen  0.12/turn              S - +5 ring of strength (curse)

@: no status effects
A: large, unfitting armour, antennae 1, claws 3, blink, fast metabolism 3, frail
1, gourmand, regeneration 1, shaggy fur 1, tough skin 3
a: Blink, Berserk, Trog's Hand, Brothers in Arms, Renounce Religion


You were on level 11 of the Dungeon.
You worshipped Trog.
Trog was extremely pleased with you.
You were completely stuffed.

You visited 1 branch of the dungeon, and saw 11 of its levels.

You collected 560 gold pieces.

Inventory:

Hand Weapons
 j - a +0 war axe of electrocution
 x - a +1 flail of draining
 C - a +1 spear of flaming
Missiles
 i - 5 curare-tipped darts
 l - 32 poisoned darts (quivered)
 o - 15 boomerangs
 y - a throwing net
 P - 7 javelins
Armour
 a - a +0 animal skin
 n - a +0 robe (worn)
Jewellery
 f - an uncursed ring of fire
 s - an amulet of regeneration (around neck)
 t - a +2 amulet of reflection
 I - a ring of protection from cold (left claw)
 S - a cursed +5 ring of strength (right claw)
Wands
 H - a wand of flame (17)
 J - a wand of random effects (9)
 L - a wand of acid (3)
Scrolls
 d - a scroll of blinking {unknown}
 e - 4 scrolls of teleportation {unknown}
 g - 5 scrolls of remove curse
 q - 4 scrolls of magic mapping {unknown}
 r - 3 scrolls of immolation {unknown}
 v - 2 scrolls of amnesia {unknown}
 w - 2 scrolls of random uselessness {unknown}
 z - 4 scrolls of fear {unknown}
 B - 3 scrolls of fog {unknown}
 F - 2 scrolls of enchant weapon {unknown}
 K - a scroll of noise {unknown}
 N - a scroll of enchant armour {unknown}
 Q - a scroll of torment {unknown}
Potions
 c - a potion of lignification
 h - a potion of might
 k - a potion of haste
 m - 3 potions of flight
 p - a potion of invisibility
 u - a potion of cancellation
 A - 2 potions of berserk rage {unknown}
 D - 3 potions of curing
 E - a potion of brilliance {unknown}
 G - 3 potions of heal wounds {unknown}
 M - a potion of agility {unknown}
Comestibles
 b - 20 rations
 R - 9 chunks of flesh


   Skills:
 + Level 5.7 Fighting
 * Level 3.5 Throwing
 * Level 6.3 Armour
 - Level 2.4 Dodging
 + Level 13.6 Unarmed Combat
 + Level 0.5 Evocations


You had 10 spell levels left.
You didn't know any spells.
Your spell library was empty.

Dungeon Overview and Level Annotations

Branches:
Dungeon (11/15)            Temple (0/1) D:7            Lair (0/6) D:10
    Orc: D:9-12

Altars:
Ashenzari
Fedhas
Hepliaklqana
Qazlal
Sif Muna
Trog
Xom

Shops:
D:6 !

Annotations:
D:4 exclusion: downstairs
D:5 1 runed translucent door, shugdite's ghost, novice MiMo
D:11 Sonja


Innate Abilities, Weirdness & Mutations

You are too large for most types of armour.
You have claws for hands.
Your metabolism is lightning-fast.
You like to eat raw meat.
Your natural rate of healing is unusually fast.
You are covered in fur. (AC +1)
You have extremely tough skin. (AC +3)
You have a pair of small antennae on your head.
You can translocate small distances at will.
You are frail. (-10% HP)


Message History

Unknown command.
You are too injured to fight recklessly!
You mangle the centaur!!
You kill the centaur!
Trog accepts your kill.
The centaur shoots an arrow.
The arrow hits you!
* * * LOW HITPOINT WARNING * * *
The centaur shoots an arrow.
The arrow hits you.
* * * LOW HITPOINT WARNING * * *
A worker ant comes into view.
You hear a twanging sound.
An arrow appears from out of thin air!
The arrow hits you!
* * * LOW HITPOINT WARNING * * *
The centaur shoots an arrow.
The arrow hits you!
* * * LOW HITPOINT WARNING * * *
The centaur shoots an arrow.
The arrow barely misses you.
The centaur shoots an arrow.
The arrow hits you.
* * * LOW HITPOINT WARNING * * *
The centaur shoots an arrow.
The arrow hits you!
You die...

#.#...#. #.#.#.####.#
#..........#
###.##.##..# #.##(##..#
#(##..#..# #.###(#..#
#.# #(#..###.. #.#
#@{....... #.#
##(...#### #.###### #)#
#.)(.# #......# #)#
#....#
#######'####.#####..c.#
#..........#.#........#
#..........#......ca#.#
#..........###.####>..#
#..........'........#.#


You could see 2 centaurs and a worker ant.

Vanquished Creatures
  2 ugly things (D:11)
  A deep elf mage (D:9)
  2 trolls
  Grinder (D:6)
  2 hippogriffs
  Sigmund (D:2)
  8 yaks
  A steam dragon (D:8)
  3 hungry ghosts
  A porcupine (D:10)
  2 sky beasts (D:8)
  2 orc warriors
  4 ice beasts
  A hornet zombie (D:9)
  2 ogres
  7 centaurs
  A crocodile (D:10)
  3 big kobolds
  9 bullfrogs
  A wyvern skeleton (D:7)
  9 killer bees
  A water moccasin skeleton (D:7)
  3 scorpions
  7 howler monkeys
  2 electric eels (D:6)
  3 crimson imps
  A bullfrog zombie (D:11)
  A centaur zombie (D:10)
  3 jellies
  9 orc priests
  7 orc wizards
  A gnoll shaman (D:3)
  7 hounds
  3 iguanas
  4 worker ants
  A hound skeleton (D:7)
  A worker ant zombie (D:8)
  Robin (D:3)
  9 gnolls
  16 adders
  2 shadow imps
  An ooze (D:7)
  An adder zombie (D:5)
  2 worms (D:4)
  A dart slug (D:1)
  9 leopard geckos
  57 orcs
  3 bats
  7 giant cockroaches
  8 goblins
  8 hobgoblins
  10 jackals
  9 quokkas
  3 ball pythons
  2 frilled lizards
  36 kobolds
  A leopard gecko skeleton (D:9)
  7 rats
  9 plants (D:9)
319 creatures vanquished.

Notes
Turn   | Place    | Note
-------+----------+-------------------------------------------
     0 | D:1      | mythago the Troll Berserker began the quest for the Orb.
     0 | D:1      | Reached XP level 1. HP: 22/22 MP: 0/0
   394 | D:1      | Reached XP level 2. HP: 28/29 MP: 1/1
   843 | D:2      | Noticed Sigmund
   851 | D:2      | Killed Sigmund
   851 | D:2      | Reached skill level 1 in Armour
   851 | D:2      | Reached skill level 4 in Unarmed Combat
   851 | D:2      | Reached XP level 3. HP: 17/37 MP: 2/2
   851 | D:2      | Reached XP level 4. HP: 21/45 MP: 3/3
   851 | D:2      | Reached XP level 5. HP: 25/53 MP: 4/4
  1367 | D:3      | Reached ** piety under Trog
  1416 | D:3      | Reached skill level 5 in Unarmed Combat
  1542 | D:3      | Reached XP level 6. HP: 59/61 MP: 5/5
  1829 | D:3      | Noticed Robin
  1861 | D:3      | Killed Robin
  1975 | D:3      | Reached skill level 6 in Unarmed Combat
  2153 | D:3      | Reached *** piety under Trog
  2669 | D:4      | Reached XP level 7. HP: 68/68 MP: 6/6
  2983 | D:5      | Entered Level 5 of the Dungeon
  3509 | D:5      | Found a runed translucent door.
  3510 | D:5      | Noticed shugdite's ghost (novice MiMo)
  3546 | D:5      | Reached skill level 7 in Unarmed Combat
  3923 | D:5      | Reached XP level 8. HP: 76/78 MP: 7/7
  4031 | D:5      | Reached **** piety under Trog
  4089 | D:5      | Reached skill level 8 in Unarmed Combat
  4689 | D:6      | Noticed Grinder
  4697 | D:6      | Killed Grinder
  4697 | D:6      | Reached skill level 9 in Unarmed Combat
  4932 | D:6      | Gained mutation: You have sharp toenails. [potion of
                  | mutation]
  4932 | D:6      | Gained mutation: You expend magic power (3 MP) to
                  | strengthen your wands. [potion of mutation]
  4933 | D:6      | Lost mutation: You expend magic power (3 MP) to strengthen
                  | your wands. [potion of mutation]
  4933 | D:6      | Lost mutation: You have sharp toenails. [potion of
                  | mutation]
  4933 | D:6      | Gained mutation: You are frail. (-10% HP) [potion of
                  | mutation]
  4933 | D:6      | Gained mutation: You have a pair of small antennae on your
                  | head. [potion of mutation]
  4933 | D:6      | Gained mutation: You can translocate small distances at
                  | will. [potion of mutation]
  4981 | D:6      | Found Belaor's Distillery.
  5162 | D:7      | Reached skill level 1 in Throwing
  5325 | D:7      | Reached XP level 9. HP: 58/76 MP: 8/8
  5397 | D:7      | Noticed a troll
  5402 | D:7      | Killed a troll
  5579 | D:7      | Found a staircase to the Ecumenical Temple.
  6089 | D:8      | Reached skill level 10 in Unarmed Combat
  6187 | D:8      | Found a blossoming altar of Fedhas.
  6538 | D:8      | Reached skill level 5 in Fighting
  6663 | D:8      | Reached ***** piety under Trog
  6745 | D:8      | Reached skill level 5 in Armour
  6745 | D:8      | Reached skill level 11 in Unarmed Combat
  6750 | D:8      | Found a hazy altar of Hepliaklqana.
  6773 | D:8      | Found a shattered altar of Ashenzari.
  6776 | D:8      | Found a shimmering altar of Xom.
  6795 | D:8      | Found a bloodstained altar of Trog.
  6799 | D:8      | Found a shimmering blue altar of Sif Muna.
  7063 | D:9      | Found a stormy altar of Qazlal.
  7276 | D:9      | Noticed a deep elf mage
  7284 | D:9      | Killed a deep elf mage
  7284 | D:9      | Reached XP level 10. HP: 78/86 MP: 9/9
  7448 | D:9      | Reached skill level 12 in Unarmed Combat
  7610 | D:9      | Received a gift from Trog
  8302 | D:10     | Entered Level 10 of the Dungeon
  8362 | D:10     | Received a gift from Trog
  8454 | D:10     | Reached skill level 13 in Unarmed Combat
  8656 | D:10     | Found a staircase to the Lair.
  8936 | D:11     | Noticed Sonja
  9056 | D:11     | Noticed a brown ugly thing
  9062 | D:11     | Killed a brown ugly thing
  9062 | D:11     | Reached XP level 11. HP: 93/93 MP: 10/10
  9118 | D:11     | Noticed a cyan ugly thing
  9126 | D:11     | Killed a cyan ugly thing
  9229 | D:11     | Shot with an arrow by a centaur

Levels and vault maps discovered:
D:1:      tarquinn_simple_flora_water_f, layout_loops_corners, st_stairs_1
D:2:      layout_basic, first_ration, uniq_sigmund
D:3:      layout_basic, uniq_robin
D:4:      layout_cave_pods
D:5:      layout_loops_ring, gammafunk_ghost_grave, hangedman_decor_lopped
D:6:      layout_loops_cross, serial_shops, shop, serial_bayou_lagoon_b,
          uniq_grinder
D:7:      layout_gridville, minmay_temple_entry_mini_moons
D:8:      layout_rooms, fedhas_altar_fruit_tree,
          minmay_overflow_temple_star_hex, grunt_pizzeria, dk_vineyard_3
D:9:      kennysheep_kobold_camp, layout_basic, nicolae_qazlal_eye_of_the_storm,
          guppyfry_early_elven_hall
D:10:     layout_cave_pools, grunt_lair_entry_orc_guard_hut
D:11:     layout_basic, serial_shops, shop, uniq_sonja

Skill      XL: |  1  2  3  4  5  6  7  8  9 10 |
---------------+-------------------------------+-----
Fighting       | 3 4 5 |  5.7
Armour         | 1 2 3 4 5 6 |  6.3
Unarmed Combat | 4 5 6 7 9 11 13 | 13.6
Throwing       | 1 2 3 |  3.5
Dodging        | |  2.4
Evocations     | |  0.5

Action                   |  1- 3 |  4- 6 |  7- 9 | 10-12 || total
-------------------------+-------+-------+-------+-------++-------
Melee: Unarmed           |    39 |   178 |   359 |   294 ||   870
       Punch             |       |     1 |    17 |    20 ||    38
Throw: Dart              |       |       |    15 |       ||    15
Invok: Berserk           |     1 |     1 |     2 |     6 ||    10
       Trog's Hand       |       |       |       |     2 ||     2
Evoke: Wand              |       |       |       |     9 ||     9
  Use: Scroll            |       |       |     8 |     3 ||    11
       Potion            |       |       |     2 |       ||     2
 Stab: Sleeping          |       |       |     2 |       ||     2
  Eat: Chunk             |    12 |    18 |    47 |    46 ||   123
Armor: Animal skin       |    18 |    51 |       |       ||    69
       Robe              |       |     2 |    87 |    87 ||   176
Dodge: Dodged            |    18 |    96 |   164 |   114 ||   392
